 Dungeon Crawl Stone Soup version 0.30-b1-2-g02819fbbbe (webtiles) character file.

Game seed: 14521389757120321712

22188 Mesmaeker13 the Reanimator (level 12, 0/81 HPs)
             Began as a Demigod Necromancer on Aug 22, 2023.
             Slain by a death yak (13 damage)
             ... on level 3 of the Lair of Beasts.
             The game lasted 00:48:05 (16212 turns).

Mesmaeker13 the Reanimator (Demigod Necromancer)   Turns: 16212, Time: 00:48:06

Health: 0/81       AC: 18    Str: 17    XL:     12   Next: 29%
Magic:  25/27      EV: 13    Int: 28    God:
Gold:   801        SH:  0    Dex: 14    Spells: 9/25 levels left

rFire   + . .        L - +2 halberd "Uskyh" {freeze, rElec rF+ Int+3}
rCold   + . .        (shield currently unavailable)
rNeg    . . .        v - +1 swamp dragon scales
rPois   +            D - +2 hat
rElec   +            j - +1 cloak
rCorr   .            F - +0 pair of gloves
SInv    +            y - +1 pair of boots
Will    +....        s - amulet of magic regeneration
Stlth   +            g - ring of see invisible
HPRegen 0.33/turn    h - ring of protection from cold
MPRegen 0.60/turn

%: no passive effects
@: about to teleport, animating dead
A: high MP 1, forlorn, divine attributes
a: no special abilities


You were on level 3 of the Lair of Beasts.
You visited 2 branches of the dungeon, and saw 14 of its levels.

You collected 801 gold pieces.

Inventory:

Hand Weapons
 L - the +2 halberd "Uskyh" (weapon) {freeze, rElec rF+ Int+3}
   (You found it on level 7 of the Dungeon)

   Int:       It affects your intelligence (+3).
   rF:        It protects you from fire.
   rElec:     It insulates you from electricity.
Missiles
 R - 6 javelins (quivered)
Armour
 j - a +1 cloak (worn)
 v - +1 swamp dragon scales (worn)
 w - a +2 buckler
 y - a +1 pair of boots (worn)
 B - a +2 leather armour of fire resistance
 C - a +0 tower shield
 D - a +2 hat (worn)
 F - a +0 pair of gloves (worn)
 J - +1 ice dragon scales
Jewellery
 g - a ring of see invisible (left hand)
 h - a ring of protection from cold (right hand)
 s - an amulet of magic regeneration (around neck)
 t - a ring of positive energy
 P - the amulet of Qiuguomo {Acrobat rElec rC+}
   (You acquired it on level 3 of the Lair of Beasts)

   [amulet of the acrobat]

   It increases your evasion while moving and waiting.
   rC:        It protects you from cold.
   rElec:     It insulates you from electricity.
Wands
 u - a wand of quicksilver (4)
Scrolls
 a - 5 scrolls of teleportation
 c - 6 scrolls of poison
 f - a scroll of acquirement
 l - 2 scrolls of enchant armour
 n - a scroll of fog
 o - 2 scrolls of blinking
 p - 2 scrolls of vulnerability
 q - a scroll of torment {unknown}
 r - 4 scrolls of enchant weapon
 I - a scroll of brand weapon {unknown}
 K - 3 scrolls of magic mapping
 M - a scroll of noise
 S - a scroll of fear
Potions
 b - a potion of magic
 d - 3 potions of mutation
 e - 2 potions of brilliance
 i - 4 potions of flight
 k - a potion of invisibility
 x - 4 potions of resistance
 z - 2 potions of heal wounds {unknown}
 A - 3 potions of berserk rage
 E - a potion of cancellation
 G - 3 potions of curing
 H - 2 potions of ambrosia
Miscellaneous
 m - a phial of floods (inert)
 O - a lightning rod (1/4)


   Skills:
 + Level 5.2 Polearms
 + Level 8.7 Armour
 - Level 6.3 Dodging
 - Level 1.7 Stealth
 - Level 7.1 Spellcasting
 + Level 6.0 Hexes
 - Level 5.1 Summonings
 + Level 11.3 Necromancy
 + Level 3.0 Ice Magic


You had 9 spell levels left.
You knew the following spells:

 Your Spells              Type           Power      Damage    Failure   Level
a - Necrotise             Necr           100%       1d9       1%          1
b - Vampiric Draining     Necr           65%        2d10      1%          3
c - Animate Dead          Necr           65%        N/A       1%          4
d - Summon Guardian Gole  Hex/Summ       41%        N/A       2%          3
e - Metabolic Englaciati  Hex/Ice        17%        N/A       36%         5

Your spell library contained the following spells:

 Spells                   Type           Power      Damage    Failure   Level
 Slow                     Hex            100%       N/A       1%          1
 Summon Small Mammal      Summ           100%       N/A       1%          1
 Sublimation of Blood     Necr           65%        N/A       1%          2
 Confusing Touch          Hex            43%        N/A       2%          3
 Agony                    Necr           65%        N/A       2%          5
 Call Canine Familiar     Summ           38%        N/A       3%          3
 Inner Flame              Hex/Fire       26%        N/A       8%          3
 Yara's Violent Unravell  Hex/Tmut       13%        3d7       58%         5
 Petrify                  Tmut/Erth      10%        N/A       65%         4
 Fireball                 Conj/Fire      5%         3d5       94%         5
 Irradiate                Conj/Tmut      5%         3d13      94%         5
 Iskenderun's Battlesphe  Conj           10%        2d6       94%         5
 Enfeeble                 Hex            21%        N/A       99%         7
 Conjure Ball Lightning   Conj/Air       5%         3x3d6     100%        6
 Statue Form              Tmut/Erth      6%         N/A       100%        6
 Orb of Destruction       Conj           5%         9d5       100%        7
 Spellforged Servitor     Conj/Summ      12%        N/A       100%        7


Dungeon Overview and Level Annotations

Branches:
Dungeon (11/15)            Temple (0/1) D:5            Lair (3/5) D:10
 Shoals (0/4) Lair:2       Spider (0/4) Lair:2
    Orc: D:9-12

Shops:
D:1 *   D:8 *   D:11 *

Annotations:
D:6 2 runed translucent doors
D:8 exclusions: ice statue and 1 more exclusion


Innate Abilities, Weirdness & Mutations

You have an increased reservoir of magic. (+10% MP)
You shall have no god before yourself.
Your divine heritage dramatically boosts your attributes as you level up.


Message History

The death yak gores you but does no damage.
Unknown command.
Your reaping aura is weakening.
Your guardian golem is no longer moving slowly.
The death yak attacks as you move away! The death yak gores you!
* * * LOW HITPOINT WARNING * * *
The death yak attacks as you move away! The death yak misses you.
The death yak attacks as you move away!
The death yak gores you but does no damage.
Your surroundings suddenly seem different.
Your death yak zombie is no longer moving slowly.
Being near the torpor snail leaves you feeling lethargic.
The death yak gores your guardian golem but does no damage.
Your yak zombie gores the torpor snail.
You feel yourself speed up.
Your death yak zombie gores the death yak!
Something bites your yak zombie! Flame seeps out of your guardian golem.
Your guardian golem is engulfed in blazing flames.
Your guardian golem disappears in a puff of smoke!
Your guardian golem explodes!
The fiery explosion engulfs your death yak zombie!!!
The fiery explosion engulfs the fungus!!
The fungus begins to die.
The fiery explosion engulfs the death yak!!
Unknown command.
Okay, then.
Casting: Summon Guardian Golem (mildly dangerous; 2% risk of failure)
Confirm with . or Enter, or press ? or * to list all spells.
You dismiss your zombies and call upon the dead to rise afresh.
Your death yak zombie crumbles into dust!
Your yak zombie crumbles into dust! x2
Casting: Animate Dead (mildly dangerous; 1% risk of failure)
Confirm with . or Enter, or press ? or * to list all spells.
A guardian golem appears, shielding your allies.
The death yak gores your guardian golem!
As you read the scroll of teleportation, it crumbles to dust.
You feel strangely unstable. Something gores your guardian golem!
The death yak attacks as you move away! The death yak gores you!
You die...

####..............#..~#~≈~≈~..~##
#....#..P.......'../.......†~'.
##...#.....÷.)..#..~#~~~~.~~.#~
#...#..#.Y.......~~#≈~≈~..####
####...#..#..9(...#.###~~~≈~#~~#~
.†...†...............~≈~≈~.~#~~~.
##.##P#####..###9...P~≈≈≈~..#####
####### #### #Y...P≈≈≈≈~..#PP~.
#@...~≈≈≈≈~.P#~~..
#....≈≈≈≈≈~PP#~.P.
....P≈≈≈≈≈####.~~~
#.....≈≈≈≈≈#.)#..~P ##....≈≈≈≈
#)..~~~~ #####≈≈≈≈ ######## ####


You could see a death yak (ally target) and a friendly guardian golem
(summoned).

Vanquished Creatures
  2 hydras
  A centaur warrior (D:8)
  A two-headed ogre (D:9)
  A tengu warrior (D:8)
  Pikel (D:5)
  5 black mambas
  2 cane toads
  Maggie (D:7)
  A komodo dragon (Lair:1)
  A troll (D:11)
  Grinder (D:4)
  Sigmund (D:6)
  3 wyverns
  13 yaks
  3 steam dragons (D:9)
  Edmund (D:6)
  3 vampire mosquitoes
  2 acid dragons
  2 water moccasins
  10 orc warriors
  3 ice beasts
  2 black bears
  A sky beast (D:4)
  2 ogres (D:5)
  7 centaurs
  5 wolves
  2 lemures
  3 kobold brigands
  A phantom (D:6)
  8 bullfrogs
  A gnoll sergeant (D:10)
  3 scorpions
  9 killer bees
  5 howler monkeys
  10 orc priests
  Crazy Yiuf (D:2)
  5 hounds
  Natasha (thrice) (D:4)
  4 iguanas
  Jessica (D:2)
  3 gnoll boudas
  Terence (D:2)
  6 orc wizards
  6 hell rats (Lair:3)
  8 gnolls
  4 adders
  A shadow imp (D:8)
  4 white imps
  2 worms
  4 dart slugs
  38 orcs
  5 ball pythons
  5 bats
  11 endoplasms
  6 giant cockroaches
  15 goblins
  2 hobgoblins (D:2)
  3 quokkas
  A frilled lizard (D:2)
  7 kobolds
  3 rats
266 creatures vanquished.

Vanquished Creatures (collateral kills)
  A kobold demonologist (D:11)
  A polar bear (Lair:2)
  A wraith (D:10)
  A wyvern (D:5)
  12 yaks
  Grum (D:9)
  An acid dragon (D:10)
  3 water moccasins
  2 black bears (Lair:2)
  An ogre (D:7)
  3 wolves (Lair:3)
  A centaur (Lair:2)
  Blork the orc (D:4)
  A gnoll sergeant (D:10)
  4 bullfrogs
  3 scorpions (Lair:2)
  3 killer bees (D:9)
  3 howler monkeys (D:11)
  A jelly (D:7)
  2 orc priests
  A hound (D:4)
  An iguana (D:5)
  A hell rat (Lair:3)
  3 gnolls (D:10)
  A white imp (D:8)
  2 worms (Lair:2)
  4 orcs
  A giant cockroach (Lair:2)
  A kobold (D:4)
61 creatures vanquished.

Vanquished Creatures (others)
  Erica (D:10)
  A death yak (Lair:3)
  A cane toad (Lair:3)
  A hydra zombie (Lair:2)
  2 black mamba zombies
  2 yaks (Lair:3)
  An acid dragon (D:11)
  2 cane toad zombies
  A centaur (Lair:2)
  A wyvern zombie (D:8)
  A water moccasin zombie (Lair:2)
  10 yak zombies
  A troll zombie (D:11)
  A killer bee (D:8)
  7 wolf zombies
  4 bullfrog zombies
  9 killer bee zombies (D:9)
  A hound zombie (D:7)
  2 howler monkey zombies (D:7)
  A steam dragon zombie (D:9)
  7 gnoll zombies
  3 orcs (D:9)
  23 orc zombies
  11 fungi
  11 plants
105 creatures vanquished.

Grand Total: 432 creatures vanquished

Notes
Turn   | Place    | Note
-------+----------+-------------------------------------------
     0 | D:1      | Mesmaeker13 the Demigod Necromancer began the quest for the
                  | Orb.
     0 | D:1      | Reached XP level 1. HP: 14/14 MP: 5/5
   505 | D:1      | Reached XP level 2. HP: 20/20 MP: 4/7
   737 | D:1      | Found Tythapp's Assorted Antiques.
  1089 | D:2      | Noticed Terence
  1315 | D:2      | Noticed Jessica
  1319 | D:2      | Reached skill level 4 in Necromancy
  1319 | D:2      | Reached XP level 3. HP: 26/26 MP: 2/9
  1322 | D:2      | Killed Jessica
  1421 | D:2      | Learned a level 3 spell: Vampiric Draining
  1767 | D:2      | Found a runed translucent door.
  1768 | D:2      | Noticed Crazy Yiuf
  1871 | D:2      | Killed Terence
  1872 | D:2      | Reached XP level 4. HP: 28/33 MP: 6/10
  2771 | D:4      | Reached XP level 5. HP: 32/38 MP: 4/12
  2826 | D:4      | Identified the +7 short sword of Jala {flame, rPois rC+ rN+
                  | Dex-5}
  3031 | D:4      | Noticed a sky beast
  3034 | D:4      | Killed a sky beast
  3035 | D:4      | Reached skill level 5 in Necromancy
  3035 | D:4      | Reached XP level 6. HP: 45/45 MP: 12/14
  3128 | D:4      | Noticed Blork the orc
  3142 | D:4      | Killed Blork the orc
  3303 | D:4      | Noticed Natasha
  3311 | D:4      | Killed Natasha
  3421 | D:4      | Noticed Grinder
  3613 | D:4      | Noticed Natasha
  3624 | D:4      | Killed Natasha
  3679 | D:5      | Entered Level 5 of the Dungeon
  3691 | D:4      | Reached XP level 7. HP: 45/50 MP: 12/16
  3739 | D:4      | Learned a level 4 spell: Animate Dead
  3836 | D:5      | Noticed Pikel
  3907 | D:4      | Noticed Natasha
  3987 | D:4      | Killed Natasha
  4196 | D:5      | Found a staircase to the Ecumenical Temple.
  4204 | D:5      | Reached skill level 5 in Dodging
  4274 | D:5      | Killed Pikel
  4275 | D:5      | Reached skill level 5 in Spellcasting
  4275 | D:5      | Reached skill level 6 in Necromancy
  4275 | D:5      | Reached XP level 8. HP: 45/57 MP: 9/19
  4454 | D:5      | You fall into a shaft and drop 2 floors!
  4685 | D:5      | Reached skill level 7 in Necromancy
  5197 | D:6      | Found a large runed translucent door.
  5241 | D:6      | Found a large runed translucent door.
  5373 | D:6      | Noticed Sigmund
  5390 | D:6      | Killed Sigmund
  5391 | D:6      | Reached skill level 1 in Armour
  5672 | D:6      | Reached XP level 9. HP: 60/62 MP: 10/22
  6460 | D:6      | Noticed Edmund
  6479 | D:6      | Killed Edmund
  6762 | D:4      | Killed Grinder
  6880 | D:2      | Killed Crazy Yiuf
  6881 | D:2      | Reached skill level 8 in Necromancy
  7109 | D:7      | Noticed Maggie
  7118 | D:7      | Killed Maggie
  8071 | D:7      | Identified the +2 halberd "Uskyh" {freeze, rElec rF+ Int+3}
  8149 | D:7      | Learned a level 3 spell: Summon Guardian Golem
  8537 | D:8      | Reached skill level 1 in Hexes
  8537 | D:8      | Reached skill level 1 in Summonings
  8588 | D:8      | Found Tujimn's Assorted Antiques.
  8934 | D:8      | Reached XP level 10. HP: 69/69 MP: 19/24
  8946 | D:8      | Noticed a tengu warrior
  8980 | D:8      | Noticed a centaur warrior
  8994 | D:8      | Killed a centaur warrior
  8995 | D:8      | Reached skill level 5 in Armour
  8995 | D:8      | Reached skill level 9 in Necromancy
  9003 | D:8      | Noticed an ice statue
  9298 | D:8      | Killed a tengu warrior
  9508 | D:9      | Noticed Grum
  9528 | D:9      | Killed Grum
  9747 | D:9      | Noticed a two-headed ogre
  9752 | D:9      | Your ally Grum died
  9767 | D:9      | Killed a two-headed ogre
 10737 | D:9      | Identified the +2 ring mail of Hairiness {Will+ Dex+2}
 11142 | D:10     | Entered Level 10 of the Dungeon
 11160 | D:10     | Reached XP level 11. HP: 55/74 MP: 22/25
 11523 | D:10     | Reached skill level 5 in Hexes
 11523 | D:10     | Reached skill level 5 in Summonings
 11526 | D:10     | Reached skill level 10 in Necromancy
 11717 | D:10     | Noticed Erica
 11727 | D:10     | Killed Erica
 11728 | D:10     | Reached skill level 1 in Polearms
 11852 | D:10     | Found a staircase to the Lair.
 12705 | D:11     | Found Etolotu's Overcharged Wands.
 12814 | D:11     | Noticed an orc knight
 12914 | Lair:1   | Entered Level 1 of the Lair of Beasts
 14248 | Lair:1   | Learned a level 5 spell: Metabolic Englaciation
 14322 | Lair:2   | Noticed a five-headed hydra
 14328 | Lair:2   | Killed a five-headed hydra
 14329 | Lair:2   | Reached skill level 1 in Ice Magic
 14491 | Lair:2   | Found a hole to the Spider Nest.
 14498 | Lair:2   | Reached skill level 11 in Necromancy
 14565 | Lair:2   | Reached XP level 12. HP: 80/81 MP: 27/27
 14928 | Lair:2   | Found a staircase to the Shoals.
 15373 | Lair:3   | Identified 2 scrolls of acquirement
 15375 | Lair:3   | Acquired the amulet of Qiuguomo {Acrobat rElec rC+}
 16044 | Lair:3   | Noticed a five-headed hydra
 16060 | Lair:3   | Killed a six-headed hydra
 16061 | Lair:3   | Reached skill level 5 in Polearms
 16083 | Lair:3   | Identified the +5 falchion "Woamnee" {venom, +Blink SInv}
 16086 | Lair:3   | Identified the +6 sling of Impatience {antimagic, rElec
                  | rCorr Str+3 Dex-5}
 16212 | Lair:3   | Slain by a death yak

Illustrated notes

Levels and vault maps discovered:
D:1:      lightli_arrival_farm, layout_loops_ring, serial_shops, shop,
          basic_ecumenical_altar
D:2:      kennysheep_the_goblin_king, layout_basic, uniq_terence,
          uniq_crazy_yiuf_cottage, uniq_jessica
D:3:      layout_rooms
D:4:      layout_basic, skrybe_limestone_x, grunt_ministairs_15, uniq_grinder,
          uniq_blork_the_orc, uniq_natasha
D:5:      layout_gridville, nemelex_diamond_rough_becter,
          minmay_temple_entry_proselytizer, minmay_small_thing, uniq_pikel
D:6:      layout_loops_ring, jmf_multi_god_temple2, kennysheep_flooded_box,
          minmay_misc_feat_five, st_stairs_3, dk_vineyard_1, minivault_24,
          minmay_crystal_room, sigmund_edmund_badplayer
D:7:      layout_layer_cave, kennysheep_okawaru_gauntlet, enter_bailey_2,
          minivault_23, moated_statue, uniq_maggie
D:8:      layout_loops_ring, lemuel_coloured_pillars_altar, serial_shops, shop,
          nzn_random_ring
D:9:      layout_basic, uniq_grum
D:10:     nicolae_cairo_tiling_large, layout_rooms,
          mainiacjoe_overflow_brackets, uniq_erica
D:11:     layout_rooms, david_orc_5, nicolae_take_the_stairs,
          nicolae_shop_overcharged_wands
Lair:1:   layout_cave_pods, minmay_holes
Lair:2:   layout_hall_layers, minmay_shoals_entry_centaurs,
          nicolae_spider_entry_non_spiders, beast_lair_carwin_9,
          grunt_megastairs_4
Lair:3:   cheibrodos_lair_river_kwai, layout_chaotic_city

Skill      XL: |  1  2  3  4  5  6  7  8  9 10 11 12 |
---------------+-------------------------------------+-----
Dodging        | 2 3 4 5 6 |  6.3
Spellcasting   | 2 3 4 5 6 7 |  7.1
Necromancy     | 4 5 6 7 8 9 11 | 11.3
Armour         | 2 4 6 8 |  8.7
Hexes          | 1 4 5 6 |  6.0
Summonings     | 1 4 5 |  5.1
Polearms       | 4 5 |  5.2
Ice Magic      | 1 3 |  3.0
Stealth        | |  1.7

Action                     |  1- 3 |  4- 6 |  7- 9 | 10-12 || total
---------------------------+-------+-------+-------+-------++-------
  Melee: Unarmed           |     2 |       |       |       ||     2
         Hand axe          |     5 |       |       |       ||     5
         Falchion          |     6 |    14 |       |       ||    20
         Short sword       |       |     2 |   142 |   119 ||   263
         Punch             |       |       |     1 |     1 ||     2
         Halberd           |       |       |       |   322 ||   322
  Throw: Dart              |       |     5 |    11 |       ||    16
         Javelin           |       |       |       |     4 ||     4
   Cast: Necrotise         |    76 |    63 |   112 |    58 ||   309
         Vampiric Draining |     1 |     3 |    39 |   104 ||   147
         Animate Dead      |       |       |     7 |    32 ||    39
         Summon Guardian G |       |       |     1 |    11 ||    12
  Evoke: Wand              |       |    16 |    20 |    37 ||    73
         Lightning rod     |       |       |       |     9 ||     9
         Phial of floods   |       |       |       |     1 ||     1
    Use: Scroll            |     2 |     2 |     8 |    16 ||    28
         Potion            |       |       |       |     3 ||     3
   Stab: Distracted        |     1 |       |       |     3 ||     4
         Invisible         |       |       |       |     3 ||     3
         Sleeping          |       |       |       |     1 ||     1
 Armour: Robe              |     7 |    17 |    12 |       ||    36
         Leather armour    |       |       |    51 |    87 ||   138
         Swamp dragon scal |       |       |       |   258 ||   258
  Dodge: Dodged            |    27 |    19 |   137 |   529 ||   712
